 Dungeon Crawl Stone Soup version 0.20-a0-390-g4892b34 (webtiles) character file.

315 BearKnight92 the Firebug (level 6, 0/45 HPs)
             Began as a Draconian Fire Elementalist on Dec 30, 2016.
             Slain by an iguana (10 damage)
             ... on level 4 of the Dungeon.
             The game lasted 00:32:52 (2464 turns).

BearKnight92 the Firebug (DrFE)                     Turns: 2464, Time: 00:32:53

Health: 0/45       AC:  6    Str:  8    XL:     6   Next: 20%
Magic:  10/12      EV: 12    Int: 17    God:
Gold:   66         SH:  0    Dex: 11    Spells: 3/13 levels left

rFire  . . .     SeeInvis .     f - +1 short sword
rCold  . . .     Gourm    .     (armour unavailable)
rNeg   . . .     Faith    .     (no shield)
rPois  .         Spirit   .     (helmet restricted)
rElec  .         Reflect  .     (no cloak)
rCorr  .         Harm     .     (no gloves)
MR     .....                    (no boots)
Stlth  ++........               (no amulet)
                                (no ring)
                                i - -3 ring of strength (curse)

@: very slightly contaminated
A: unfitting armour, cold-blooded, AC +6
a: no special abilities


You were on level 4 of the Dungeon.
You were hungry.

You visited 1 branch of the dungeon, and saw 4 of its levels.

You collected 66 gold pieces.

Inventory:

Hand Weapons
 f - a +1 short sword (weapon)
Jewellery
 i - a cursed -3 ring of strength (left hand)
Potions
 d - a potion of curing
 o - a potion of flight
Books
 a - a book of Flames

   Spells                             Type                      Level
   a - Flame Tongue                   Conjuration/Fire             1
   b - Throw Flame                    Conjuration/Fire             2
   c - Conjure Flame                  Conjuration/Fire             3
   d - Inner Flame                    Hexes/Fire                   3
   e - Sticky Flame                   Conjuration/Fire             4
   f - Fireball                       Conjuration/Fire             5
Comestibles
 b - 4 bread rations
 h - a meat ration
 j - a beef jerky
 l - a royal jelly


   Skills:
 + Level 1.2 Short Blades
 + Level 2.4 Dodging
 + Level 1.8 Stealth
 * Level 4.2 Spellcasting
 + Level 1.7 Conjurations
 * Level 4.7 Fire Magic


You had 3 spell levels left.
You knew the following spells:

 Your Spells              Type           Power        Failure   Level  Hunger
a - Flame Tongue          Conj/Fire      ##...        4%          1    None
b - Sticky Flame          Conj/Fire      ##......     45%         4    ####...
c - Fireball              Conj/Fire      ##........   95%         5    ######.


Dungeon Overview and Level Annotations

Branches:
Dungeon (4/15)
 Temple: D:4-7

Altars:
Gozag


Innate Abilities, Weirdness & Mutations

Your plain brown scales are hard. (AC +6)
You cannot fit into any form of body armour.
You are cold-blooded and may be slowed by cold attacks.


Message History

Casting: Flame Tongue
Confirm with . or Enter, or press ? or * to list all spells.
The spell is very dangerous to cast!
Continue anyway?
Aiming: Fireball
Press: ? - help, Shift-Dir - straight line, f - iguana
Aim: an iguana (resting)
You miscast Fireball.
You are very lightly contaminated with residual magic.
There is a sudden and violent explosion of flames!
The fireball engulfs you!
Ouch! That really hurt!
* * * LOW HITPOINT WARNING * * *
You are feeling hungry.
There is a stone staircase leading up here.
You climb upwards.
There is a stone staircase leading down here.
All of the chunks of flesh in your inventory have rotted away.
There is a stone staircase leading down here.
You climb downwards.
The iguana bites you!
You die...

########
#......#
#......#
#......#
#......#
#......#
##......#
#......@#
#......l.#
#....#####
#...##
#.#. . #


You could see an iguana.

Vanquished Creatures
  An ogre (D:2)
  An orc priest (D:2)
  Terence (D:2)
  2 orc wizards
  3 adders (D:3)
  2 oozes
  A worm (D:2)
  2 dart slugs (D:1)
  7 leopard geckos
  11 orcs
  A ball python (D:1)
  3 giant cockroaches
  3 hobgoblins
  3 jackals (D:1)
  3 bats
  5 frilled lizards
  7 goblins
  8 kobolds
  4 rats
68 creatures vanquished.

Notes
Turn   | Place    | Note
-------+----------+-------------------------------------------
     0 | D:1      | BearKnight92 the Draconian Fire Elementalist began the quest for the Orb.
     0 | D:1      | Reached XP level 1. HP: 14/14 MP: 3/3
   290 | D:1      | Reached XP level 2. HP: 16/20 MP: 1/5
   681 | D:1      | Reached XP level 3. HP: 26/26 MP: 3/6
   854 | D:2      | Noticed Terence
  1294 | D:2      | Found a faded altar of an unknown god.
  1331 | D:2      | Became a worshipper of Gozag Ym Sagoz the Greedy
  1332 | D:2      | Fell from the grace of Gozag
  1455 | D:2      | Killed Terence
  1455 | D:2      | Reached XP level 4. HP: 18/33 MP: 0/8
  1615 | D:2      | Was forgiven by Gozag
  1615 | D:2      | Reached XP level 5. HP: 4/38 MP: 1/10
  2128 | D:3      | Noticed an ogre
  2156 | D:2      | Killed an ogre
  2156 | D:2      | Reached skill level 1 in Short Blades
  2156 | D:2      | Reached XP level 6. HP: 28/45 MP: 5/12
  2163 | D:2      | Learned a level 4 spell: Sticky Flame
  2169 | D:2      | Learned a level 5 spell: Fireball
  2464 | D:4      | Slain by an iguana

Vault maps used:
D:1:      minmay_arrival_nine_rooms, kennysheep_nondescript
D:2:      chequers_ecumenical_altar_island, uniq_terence
D:3:      first_bread
D:4:      lemuel_crystal_altar, serial_shops, shop, led_sif_book

Skill      XL: |  1  2  3  4  5 |
---------------+----------------+-----
Dodging        | 2 |  2.4
Spellcasting   | 3 4 |  4.2
Fire Magic     | 4 |  4.7
Short Blades   | 1 |  1.2
Stealth        | |  1.8
Conjurations   | |  1.7

Action                   |  1- 3 |  4- 6 || total
-------------------------+-------+-------++-------
Melee: Unarmed           |    44 |       ||    44
       Tailslap          |     6 |     3 ||     9
       Short sword       |    13 |    74 ||    87
 Cast: Flame Tongue      |    71 |    69 ||   140
       Sticky Flame      |       |     1 ||     1
Invok: Renounce Religion |     1 |       ||     1
  Use: Scroll            |     2 |     5 ||     7
       Potion            |     2 |     1 ||     3
  Eat: Chunk             |     2 |     4 ||     6
Armor: Skin              |    24 |    47 ||    71
Dodge: Dodged            |    46 |    82 ||   128
